 Dungeon Crawl Stone Soup version 0.19-a0-1206-g6bcb79c (webtiles) character file.

45 Duffy the Ruffian (level 3, 0/31 HPs)
             Began as a Troll Earth Elementalist on Aug 22, 2016.
             Succumbed to a worker ant's poison
             ... on level 4 of the Dungeon.
             The game lasted 00:00:41 (748 turns).

Duffy the Ruffian (Troll Earth Elementalist)         Turns: 748, Time: 00:00:41

Health: 0/31       AC:  5    Str: 16    XL:     3   Next: 42%
Magic:  3/3        EV: 10    Int: 12    God:
Gold:   18         SH:  0    Dex: 10    Spells: 1 memorised, 3 levels left

rFire  . . .     SeeInvis .       - Unarmed
rCold  . . .     Gourm    +     c - +0 robe
rNeg   . . .     Faith    .     (no shield)
rPois  .         Spirit   .     (helmet restricted)
rElec  .         Dismiss  .     (no cloak)
rCorr  .         Reflect  .     (gloves unavailable)
MR     .....     Harm     .     (boots unavailable)
Stlth  +.........               (no amulet)
                                (no ring)
                                (no ring)

@: lethally poisoned (0 -> -1)
A: unfitting armour, claws 3, fast metabolism 3, gourmand, regeneration 1,
shaggy fur 1, tough skin 2
a: no special abilities


You were on level 4 of the Dungeon.
You were not hungry.

You visited 1 branch of the dungeon, and saw 4 of its levels.

You collected 18 gold pieces.

Inventory:

Missiles
 b - 20 stones (quivered)
Armour
 c - a +0 robe (worn)
Scrolls
 a - 4 scrolls of remove curse {unknown}
 j - a scroll of identify {unknown}
 m - a scroll of amnesia {unknown}
Potions
 h - 2 potions of curing {unknown}
 k - a potion of ambrosia {unknown}
Books
 e - a book of Geomancy

   Spells                             Type                      Level
   a - Sandblast                      Earth                        1
   b - Passwall                       Transmutation/Earth          2
   c - Stone Arrow                    Conjuration/Earth            3
   d - Petrify                        Transmutation/Earth          4
   e - Lee's Rapid Deconstruction     Earth                        5
Comestibles
 d - 3 bread rations
 f - a royal jelly
 g - a meat ration
 i - 2 fruits
 l - a beef jerky


   Skills:
 - Level 1.5 Dodging
 - Level 1.1 Stealth
 + Level 3.1 Unarmed Combat
 - Level 1.2 Spellcasting
   Level 0.6 Transmutations
 - Level 2.6 Earth Magic


You had 3 spell levels left.
You knew the following spells:

 Your Spells              Type           Power        Failure   Level  Hunger
a - Sandblast             Erth           #.....       12%         1    ##.....


Dungeon Overview and Level Annotations

Branches:
Dungeon (4/15)
 Temple: D:4-7

Altars:
Elyvilon
Qazlal


Innate Abilities, Weirdness & Mutations

You are too large for most types of armour.
You have claws for hands.
Your metabolism is lightning-fast.
You like to eat raw meat.
Your natural rate of healing is unusually fast.
You are covered in fur. (AC +1)
You have very tough skin. (AC +2)


Message History

You are too injured to fight recklessly!
You are too injured to fight recklessly!
You scratch the worker ant.
The worker ant is almost dead.
The worker ant bites you but does no damage.
You closely miss the worker ant.
The worker ant is almost dead.
You feel sick.
The worker ant bites you but does no damage.
You closely miss the worker ant.
The worker ant is almost dead.
You feel sick. The worker ant bites you. x2
You scratch the worker ant.
You kill the worker ant!
Your Unarmed Combat skill increases to level 3!
You have reached level 3!
Your experience leads to an increase in your attributes!
Increase (S)trength, (I)ntelligence, or (D)exterity?
You feel clever.
You feel stronger.
You die...

#...%.. ##### #..
... .....#
#...... .....#
#...#.# .....#
#...._.+.....+
#...#.#......#
#............#
#....@%......#
#......<..#+##
.................
#####.........#.?
#.........#
.............
###............
##########.$. ...


There were no monsters in sight!

Vanquished Creatures
  A worker ant (D:4)
  An adder (D:4)
  A dart slug (D:2)
  A bat (D:3)
  A giant cockroach (D:2)
  A goblin (D:1)
  A hobgoblin (D:2)
  3 jackals (D:3)
  A kobold (D:3)
11 creatures vanquished.

Notes
Turn   | Place    | Note
-------+----------+-------------------------------------------
     0 | D:1      | Duffy the Troll Earth Elementalist began the quest for the Orb.
     0 | D:1      | Reached XP level 1. HP: 16/16 MP: 1/1
   131 | D:2      | Reached skill level 1 in Unarmed Combat
   481 | D:3      | Reached XP level 2. HP: 24/24 MP: 2/2
   498 | D:3      | Found a stormy altar of Qazlal.
   574 | D:3      | Reached skill level 2 in Unarmed Combat
   733 | D:4      | Found a white marble altar of Elyvilon.
   747 | D:4      | HP: 1/24 [worker ant (6)]
   748 | D:4      | Reached skill level 3 in Unarmed Combat
   748 | D:4      | Reached XP level 3. HP: 1/31 MP: 3/3
   748 | D:4      | Succumbed to a worker ant's poison

Vault maps used:
D:1:      minmay_arrival_jagged, columned_hall_lemuel
D:2:      old_standard_altar
D:3:      lemuel_round_altar
D:4:      zin_treasury, lemuel_crystal_altar, first_bread, serial_shops, shop,
          shop

Skill      XL: |  1  2 |
---------------+-------+-----
Unarmed Combat | 1 3 |  3.1
Dodging        | |  1.5
Stealth        | |  1.1
Spellcasting   | |  1.2
Transmutations | |  0.6
Earth Magic    | |  2.6

Action                   || total
-------------------------++-------
Melee: Unarmed           ||    52
 Stab: Sleeping          ||     1
  Eat: Chunk             ||     5
Armor: Robe              ||    17
Dodge: Dodged            ||    43
